[Event "Late-Titled-Tuesday-Blitz-February-27-2024"]
[Site "Chess.com"]
[Date "2024.02.27"]
[Round "3"]
[White "Beca95"]
[Black "ukchessbomber"]
[Result "1-0"]
[WhiteElo "2929"]
[BlackElo "2650"]
[TimeControl "180+1"]
[EndTime "14:27:53 PST"]
[Termination "Beca95 won by resignation"]

1. e4 b6 2. d4 Bb7 3. Bd3 d6 4. Qe2 Nd7 5. c4 e5 6. d5 g6 7. h4 h6 8. h5 g5 9. Nc3 Bg7 10. f3 Ne7 11. Nh3 O-O 12. g4 a5 13. Nf2 Nc5 14. Bc2 c6 15. Be3 cxd5 16. exd5 f5 17. gxf5 Nxf5 18. Bxf5 Rxf5 19. Bxc5 bxc5 20. Nfe4 Ba6 21.
a4 Qb6 22. Nb5 Bf8 23. Ra3 Be7 24. Rb3 Qd8 25. Rh3 Qd7 26. Rg3 Raf8 27. Kd1 Kh7 28.
Kc2 Rf4 29. Kb1 Rh4 30. Rg1 Kh8 31. Qd1 Rxh5 32. Nbxd6 Bxd6 33. Rb6 Bxc4 34. Rxd6 Qb7 35. Qc2 Qb4 36. Rc1 Bb3 37. Qxc5 Qxa4 38. Rxh6+ Kg7 39. Nc3 Rxh6 40. Nxa4 Bxa4 41. Qxa5 Bd7 42. Qc7 Rf7 43. Qxe5+ 1-0

[Event "Late-Titled-Tuesday-Blitz-February-27-2024"]
[Site "Chess.com"]
[Date "2024.02.27"]
[Round "3"]
[White "Cristi_Coca"]
[Black "kripri"]
[Result "1/2-1/2"]
[WhiteElo "2388"]
[BlackElo "2348"]
[TimeControl "180+1"]
[EndTime "14:27:53 PST"]
[Termination "Game drawn by repetition"]

1. e4 c6 2. d4 d5 3. Nc3 dxe4 4.
Nxe4 Bf5 5. Ng3 Bg6 6. N1e2 h6 7. Nf4 Bh7 8. Bc4 e6 9. O-O Nf6 10. Re1 Bd6 11. Bxe6 fxe6 12. Nxe6 Qc8 13. Nxg7+ Kf7 14. Bxh6 Bg6 15. Qd2 Bf8 16. N7f5 Bxf5 17. Bxf8 Rxf8 18.
Nxf5 Qxf5 19. Qb4 Qd7 20. Re3 Na6 21. Qb3+ Nd5 22. Rae1 Rae8 23. Rf3+ Kg8 24. Rg3+ Kh8 25. Rh3+ Kg8 26. Rg3+ Kf7 27. Rf3+ Kg8 28. Rg3+ 1/2-1/2

[Event "Late-Titled-Tuesday-Blitz-February-27-2024"]
[Site "Chess.com"]
[Date "2024.02.27"]
[Round "3"]
[White "cassoulet"]
[Black "WindWhistler11"]
[Result "1-0"]
[WhiteElo "2762"]
[BlackElo "2493"]
[TimeControl "180+1"]
[EndTime "14:27:55 PST"]
[Termination "cassoulet won on time"]

1. d4 e6 2. Nc3 Nf6 3. Bg5 d5 4.
e3 Be7 5. Nf3 a6 6. Bd3 b5 7. O-O Bb7 8. a4 b4 9. Ne2 c5 10. Ng3 c4 11. Be2 h6 12. Bxf6 gxf6 13. b3 Qc7 14. Re1 h5 15. h4 f5 16. Ng5 Bxg5 17.
hxg5 f4 18. Nxh5 fxe3 19. f4 Nd7 20. Bf3 O-O-O 21. Rxe3 Rxh5 22. Bxh5 Qxf4 23. Rf3 Qxg5 24. Bxf7 e5 25. Be6 e4 26. Rf7 Qe3+ 27. Kf1 a5 28. Qg4 cxb3 29. Bxd7+ Kb8 30. cxb3 Rxd7 31. Qf4+ Qxf4+ 32. Rxf4 Ba6+ 33. Kf2 Rc7 34. Rf5 Rc2+ 35. Kg1 e3 36.
Rxd5 Rxg2+ 37. Kxg2 Bb7 38. Kf3 Bxd5+ 39. Kxe3 Bxb3 40.
Ke4 Kb7 41. d5 Kc7 42. Kd4 Kd6 43. Rg1 Bxd5 44. Rg5 Bc6 45. Rxa5 Bd7 46. Ra6+ Kc7 47. Kc4 1-0

[Event "Late-Titled-Tuesday-Blitz-February-27-2024"]
[Site "Chess.com"]
[Date "2024.02.27"]
[Round "3"]
[White "wqws"]
[Black "NovakRatko"]
[Result "1-0"]
[WhiteElo "2690"]
[BlackElo "2472"]
[TimeControl "180+1"]
[EndTime "14:27:55 PST"]
[Termination "wqws won on time"]

1. e4 d5 2. exd5 c6 3. dxc6 Nxc6 4. Nf3 e5 5. Nc3 Bd6 6. Bc4 Nf6 7. d3 O-O 8. h3 Bf5 9. O-O h6 10. Be3 a6 11.
Nd2 b5 12. Bb3 Nd4 13. Nce4 Nxb3 14. axb3 Nxe4 15. Nxe4 Be7 16. Qh5 Bg6 17. Qxe5 Re8 18.
Qg3 Qc8 19. Rac1 Qc6 20. Nd2 Rad8 21. Nf3 Bd6 22. Bf4 Re6 23. Nd4 Qd5 24. Nxe6 Qxe6 25. Rfe1 Bxf4 26. Qxf4 Qc6 27. Qd2 Rd6 28. Re3 f5 29.
Re5 f4 30. Qxf4 Rd7 31. Qe3 Kh7 32. d4 Qd5 33. Rxd5 1-0

[Event "Late-Titled-Tuesday-Blitz-February-27-2024"]
[Site "Chess.com"]
[Date "2024.02.27"]
[Round "3"]
[White "ncofre98"]
[Black "SocoLoco"]
[Result "1-0"]
[WhiteElo "2476"]
[BlackElo "2224"]
[TimeControl "180+1"]
[EndTime "14:27:55 PST"]
[Termination "ncofre98 won by checkmate"]

1. e4 c5 2. Nf3 e6 3. d3 d5 4.
Nbd2 f5 5. exd5 exd5 6. d4 Nf6 7. Bb5+ Bd7 8. Bxd7+ Nbxd7 9. O-O c4 10. b3 cxb3 11.
axb3 Be7 12. c4 O-O 13. c5 Ne4 14. Bb2 Qc7 15. b4 b6 16. Qb3 Ndf6 17. Rac1 bxc5 18.
dxc5 a6 19. Be5 Qc6 20. Nxe4 fxe4 21. Nd4 Qb7 22. Ne6 Rf7 23. Bxf6 Bxf6 24. c6 Qb5 25. Rc5 Qd3 26. Qxd3 exd3 27. Rxd5 Rc8 28. c7 Be7 29. Rxd3 Rf6 30. Rd8+ Bxd8 31. cxd8=Q+ Rxd8 32. Nxd8 Rb6 33. Re1 Rxb4 34. Re8# 1-0

[Event "Late-Titled-Tuesday-Blitz-February-27-2024"]
[Site "Chess.com"]
[Date "2024.02.27"]
[Round "3"]
[White "Casper"]
[Black "Vigg-Sama"]
[Result "0-1"]
[WhiteElo "2526"]
[BlackElo "2251"]
[TimeControl "180+1"]
[EndTime "14:27:57 PST"]
[Termination "Vigg-Sama won by resignation"]

1. e4 e5 2. Bc4 Nf6 3. f4 Nc6 4. Nf3 exf4 5. e5 d5 6. Bb5 Ne4 7. O-O Bc5+ 8. d4 Bb6 9. Bxf4 O-O 10. c3 Bd7 11. Nbd2 Nxd2 12. Qxd2 Nxe5 13. Nxe5 Bxb5 14. Rf3 f6 15. Ng4 Be8 16. Rg3 Bg6 17. h4 c6 18.
Kh2 Bc7 19. Rh1 Qb8 20. Bxc7 Qxc7 21. Qf2 Rae8 22. Kg1 Bh5 23. Rhh3 Bxg4 24. Rxg4 Re4 25. Rhg3 Rxg4 26. Rxg4 Qe7 27. h5 Re8 28. h6 g6 29. Rf4 Qe1+ 30. Qxe1 Rxe1+ 31. Kf2 Re6 32. a4 Kf7 33. Rh4 g5 34. Rh1 Kg6 35. a5 a6 36.
Kf3 Re4 37. g3 f5 38. Kf2 Re6 39. Kf3 g4+ 40. Kf2 Kg5 41. Ra1 Rxh6 42. Ra4 Rh2+ 43. Ke3 Rxb2 44. Ra1 Rb5 45. Kd3 h5 46. c4 dxc4+ 47.
Kc2 h4 48. gxh4+ Kxh4 49. Rh1+ Kg5 50. Rh8 f4 51. Rh1 g3 52. Rh8 f3 53. Rh1 g2 54.
Rh8 Kf4 0-1

[Event "Late-Titled-Tuesday-Blitz-February-27-2024"]
[Site "Chess.com"]
[Date "2024.02.27"]
[Round "3"]
[White "Sajkochess"]
[Black "bipe137"]
[Result "0-1"]
[WhiteElo "2333"]
[BlackElo "2570"]
[TimeControl "180+1"]
[EndTime "14:27:59 PST"]
[Termination "bipe137 won by resignation"]

1. e4 c5 2. Nf3 e6 3. d4 cxd4 4.
Nxd4 Nc6 5. Nc3 Nf6 6. g3 Qb6 7. Nb3 Bb4 8. Bg2 Qa6 9. Qe2 Qxe2+ 10. Kxe2 O-O 11. Bd2 Ne5 12. a3 Be7 13. Nd1 d5 14. Bc3 Nc4 15. e5 Nd7 16. f4 b6 17. Ne3 Ba6 18. Nxc4 Bxc4+ 19. Ke3 Rac8 20. Nd4 Nc5 21. Bb4 a5 22. Bxc5 bxc5 23. Ne2 a4 24. Rab1 Rb8 25. Nc3 d4+ 26. Kd2 dxc3+ 27. Kxc3 Bd5 28. Bxd5 exd5 29. Rhd1 Rfd8 30. b4 axb3 31. cxb3 f6 32. b4 cxb4+ 33. axb4 fxe5 34. fxe5 Kf7 35. b5 Ke6 36. Kd4 Rdc8 37. b6 Bc5+ 38. Kd3 Rxb6 39. Rxb6+ Bxb6 40. Rb1 Rc6 41.
Rf1 Bc7 42. Rf8 Bxe5 43. Rh8 h6 44. g4 Rc3+ 45. Kd2 Rh3 46. g5 Rxh2+ 47. Kd3 hxg5 48. Re8+ Kf5 49. Rf8+ Bf6 50. Rd8 Rh3+ 0-1

[Event "Late-Titled-Tuesday-Blitz-February-27-2024"]
[Site "Chess.com"]
[Date "2024.02.27"]
[Round "3"]
[White "secretsuperstar7"]
[Black "Godzillator"]
[Result "0-1"]
[WhiteElo "2513"]
[BlackElo "2351"]
[TimeControl "180+1"]
[EndTime "14:27:59 PST"]
[Termination "Godzillator won by resignation"]

1. c4 Nf6 2. Nc3 e6 3. e4 d5 4.
e5 d4 5. exf6 dxc3 6. bxc3 Qxf6 7. d4 c5 8. Nf3 h6 9. Be2 cxd4 10. cxd4 Bb4+ 11. Bd2 Bxd2+ 12. Qxd2 O-O 13. O-O Nc6 14. Rfd1 Rd8 15. Qe3 b6 16. Ne5 Nxe5 17. dxe5 Qe7 18. Rxd8+ Qxd8 19. Bf3 Rb8 20. Rd1 Qc7 21. Rd6 Ba6 22.
Rc6 Qe7 23. h3 Rd8 24. Qf4 Bb7 25. Rd6 Bxf3 26. Rxd8+ Qxd8 27. Qxf3 Qc7 28. Qa8+ Kh7 29. Qe4+ g6 30. Qd4 Kg7 31. Kf1 Qc6 32. Qf4 Qa4 33. Qf6+ Kg8 34. Qd8+ Kh7 35. Qd4 Qxa2 36. g4 a5 37. Qf4 Kg8 38. h4 a4 39. h5 gxh5 40.
gxh5 a3 41. Qxh6 Qa1+ 42. Kg2 Qxe5 43. Qc1 a2 44. h6 a1=Q 0-1

[Event "Late-Titled-Tuesday-Blitz-February-27-2024"]
[Site "Chess.com"]
[Date "2024.02.27"]
[Round "3"]
[White "TomsKantans"]
[Black "platy3"]
[Result "0-1"]
[WhiteElo "2670"]
[BlackElo "2937"]
[TimeControl "180+1"]
[EndTime "14:28:01 PST"]
[Termination "platy3 won on time"]

1. e4 c5 2. Nf3 e6 3. d4 cxd4 4. Nxd4 Nc6 5. Nc3 Qc7 6. Be3 a6 7. Qf3 Ne5 8. Qg3 h5 9. O-O-O h4 10. Qh3 b5 11. f4 Nc4 12. Bxc4 Qxc4 13. Kb1 Bb7 14.
Rhe1 Rc8 15. e5 Bb4 16. Rd3 Ne7 17. a3 Ba5 18. Nb3 Bd8 19. g4 Nd5 20. Bd2 Nxf4 21.
Bxf4 Qxf4 22. Red1 Rc7 23. Na5 Ba8 24. Rd4 Qxe5 25.
Qd3 d5 26. Nxb5 axb5 27. Qxb5+ Rd7 28. c4 Bxa5 29. Qxa5 O-O 30. c5 Rb8 31. Qc3 Bc6 32.
b4 Ra7 33. h3 Rba8 34. Kb2 Rxa3 35. Qxa3 Rxa3 36. Kxa3 Bb5 37. R1d2 Qe1 38. Kb2 Qe3 0-1

[Event "Late-Titled-Tuesday-Blitz-February-27-2024"]
[Site "Chess.com"]
[Date "2024.02.27"]
[Round "3"]
[White "pinguino120"]
[Black "Bala-Afiada"]
[Result "1-0"]
[WhiteElo "2373"]
[BlackElo "1910"]
[TimeControl "180+1"]
[EndTime "14:28:02 PST"]
[Termination "pinguino120 won by resignation"]

1. d4 Nf6 2. c4 e6 3. Nf3 d5 4. Nc3 c6 5. Bg5 Be7 6. e3 O-O 7. Be2 Nbd7 8. O-O dxc4 9. Bxc4 b5 10. Bd3 Bb7 11. e4 a6 12. e5 Nd5 13. h4 f6 14.
exf6 Bxf6 15. Ne4 Qe7 16. Nxf6+ N7xf6 17. Re1 Rae8 18. Qe2 Bc8 19. Ne5 Qd6 20. h5 h6 21.
Bd2 c5 22. dxc5 Qxc5 23. Rac1 Qe7 24. Ng6 Qf7 25. Nxf8 Rxf8 26. Bg6 Qe7 27. a4 bxa4 28. Bc3 Bd7 29. Be5 Rc8 30. Rxc8+ Bxc8 31. Rc1 Bd7 32.
Qxa6 Qb4 33. Qa8+ Be8 34. Bxe8 Qd2 35. Bg6+ 1-0

[Event "Late-Titled-Tuesday-Blitz-February-27-2024"]
[Site "Chess.com"]
[Date "2024.02.27"]
[Round "3"]
[White "Sargsyan_Shant"]
[Black "MKlose11"]
[Result "1-0"]
[WhiteElo "2912"]
[BlackElo "2601"]
[TimeControl "180+1"]
[EndTime "14:28:03 PST"]
[Termination "Sargsyan_Shant won by checkmate"]

1. c4 Nf6 2. Nc3 c5 3. g3 Nc6 4.
Bg2 g6 5. Nf3 d6 6. d4 cxd4 7.
Nxd4 Bd7 8. b3 Bg7 9. Bb2 O-O 10.
O-O Qa5 11. Qd2 Rfe8 12. Rfd1 Qh5 13. Nxc6 Bxc6 14. e4 a5 15. Re1 Qc5 16. h3 a4 17.
Rad1 axb3 18. axb3 Nd7 19. Nd5 Bxd5 20. Bxg7 Kxg7 21.
exd5 b5 22. Rc1 bxc4 23. Rxc4 Qb6 24. Qb2+ Nf6 25. g4 h6 26. h4 Kg8 27. g5 hxg5 28.
hxg5 Nh5 29. Bf3 Ng7 30. Kg2 Rab8 31. Rh1 Qxb3 32. Rch4 Nh5 33. Qxb3 Rxb3 34. Bxh5 gxh5 35. Rxh5 Reb8 36. f3 R8b5 37. Kg3 Rxd5 38. Kg4 Rb4+ 39. f4 e5 40. Rh8+ Kg7 41. R1h7+ Kg6 42. Rh6+ Kg7 43. Kh5 Rxf4 44. R6h7# 1-0

[Event "Late-Titled-Tuesday-Blitz-February-27-2024"]
[Site "Chess.com"]
[Date "2024.02.27"]
[Round "3"]
[White "semchik73"]
[Black "Djager97"]
[Result "0-1"]
[WhiteElo "2433"]
[BlackElo "2627"]
[TimeControl "180+1"]
[EndTime "14:28:03 PST"]
[Termination "Djager97 won on time"]

1. Nf3 d5 2. c4 d4 3. e3 c5 4. b4 dxe3 5. fxe3 cxb4 6. d4 Nf6 7.
Bd3 g6 8. O-O Bg7 9. e4 e5 10.
Bb2 exd4 11. e5 Ng4 12. Qa4+ Nc6 13. Nxd4 O-O 14. Nxc6 Qxd3 15. Ne7+ Kh8 16. Nd5 b5 17. Qxb4 Be6 18. Nbc3 a5 19. Qe7 Qd4+ 20. Kh1 Nf2+ 21.
Rxf2 Qxf2 22. Rb1 b4 23. Ne4 Qc2 24. Re1 Qxb2 25. Ndf6 Qxa2 26. Ng5 Qd2 0-1

[Event "Late-Titled-Tuesday-Blitz-February-27-2024"]
[Site "Chess.com"]
[Date "2024.02.27"]
[Round "3"]
[White "Nf3c5"]
[Black "Christ_is_alive"]
[Result "1-0"]
[WhiteElo "2562"]
[BlackElo "2290"]
[TimeControl "180+1"]
[EndTime "14:28:07 PST"]
[Termination "Nf3c5 won by resignation"]

1. e4 c5 2. Nf3 Nc6 3. c3 d5 4.
exd5 Qxd5 5. d4 e6 6. Be3 Nf6 7.
Be2 cxd4 8. Nxd4 Nxd4 9. Bxd4 Qxg2 10. Bf3 Qg5 11. Nd2 Bc5 12. Qa4+ Bd7 13. Qc4 Bxd4 14. Qxd4 O-O 15. O-O-O Rfd8 16. Rhg1 Qf5 17. Ne4 Kh8 18. Nd6 Qxf3 19. Nxf7+ Kg8 20. Rg3 Qf5 21. Nh6+ Kh8 22. Nxf5 exf5 23. Rdg1 Rg8 24. Rxg7 Rxg7 25. Qxf6 Rg8 26. Rxg7 Rxg7 27. Qd8+ 1-0

[Event "Late-Titled-Tuesday-Blitz-February-27-2024"]
[Site "Chess.com"]
[Date "2024.02.27"]
[Round "3"]
[White "EDaMatta"]
[Black "noblerone"]
[Result "1-0"]
[WhiteElo "2237"]
[BlackElo "2460"]
[TimeControl "180+1"]
[EndTime "14:28:07 PST"]
[Termination "EDaMatta won by resignation"]

1. d4 d5 2. c4 c6 3. cxd5 cxd5 4. Nc3 Nf6 5. Nf3 Nc6 6. e3 Bg4 7. Qb3 Na5 8. Bb5+ Bd7 9. Qa4 Nc6 10. Ne5 Qc7 11. Bd2 e6 12. Rc1 Bd6 13. Nxd7 Qxd7 14. Nxd5 exd5 15. Rxc6 O-O 16. Rc2 Qe6 17. O-O a6 18. Be2 b5 19. Qb3 Rfd8 20. Rfc1 h5 21. h3 Ne4 22. Bb4 Qf5 23. Bd3 Bxb4 24. Qxb4 Qg5 25.
Bxe4 dxe4 26. Rc5 Qg6 27. Qd2 h4 28. d5 Qf6 29. Rc6 Qe5 30. d6 Kh8 31. d7 Kh7 32. Rc8 Qe7 33. Rxa8 Rxa8 34. Rc8 1-0

[Event "Late-Titled-Tuesday-Blitz-February-27-2024"]
[Site "Chess.com"]
[Date "2024.02.27"]
[Round "3"]
[White "KaydenTroffChess"]
[Black "Bugcrusher"]
[Result "1-0"]
[WhiteElo "2812"]
[BlackElo "2582"]
[TimeControl "180+1"]
[EndTime "14:28:08 PST"]
[Termination "KaydenTroffChess won by resignation"]

1. d4 e6 2. Nf3 Nf6 3. Bf4 c5 4. e3 b6 5. Nbd2 Be7 6. Nc4 cxd4 7. exd4 d6 8. c3 O-O 9. Bd3 Ba6 10. O-O Qc7 11. Qe2 Nbd7 12. a4 Rac8 13. Ne3 Bxd3 14. Qxd3 Rfd8 15. Bg3 Nh5 16. Qb5 Nxg3 17. fxg3 Qb7 18.
Rae1 a6 19. Qh5 Nf6 20. Qh3 b5 21. Ng5 h6 22. Nxe6 fxe6 23. Qxe6+ Kh8 24. Nf5 Bf8 25.
Nxh6 gxh6 26. Rxf6 Re8 27. Qxe8 Rxe8 28. Rxe8 bxa4 29.
Rexf8+ Kg7 30. R8f7+ Qxf7 31. Rxf7+ Kxf7 32. Kf2 Ke6 33. c4 Kd7 34. g4 Kc6 35. h4 1-0

[Event "Late-Titled-Tuesday-Blitz-February-27-2024"]
[Site "Chess.com"]
[Date "2024.02.27"]
[Round "3"]
[White "1g60-1"]
[Black "CarlosjPineror"]
[Result "1/2-1/2"]
[WhiteElo "2297"]
[BlackElo "2544"]
[TimeControl "180+1"]
[EndTime "14:28:09 PST"]
[Termination "Game drawn by repetition"]

1. e4 c5 2. Nf3 e6 3. d4 cxd4 4. Nxd4 a6 5. Bd3 Qc7 6. Nc3 Nf6 7. O-O h5 8. Re1 Ng4 9. Nf3 Bc5 10. Re2 Nc6 11.
Nd5 Qb8 12. Bf4 Nge5 13. Nxe5 Nxe5 14. b4 Ba7 15. b5 exd5 16. Bxe5 Qxe5 17. exd5 d6 18.
Rxe5+ dxe5 19. Qe2 Bd4 20. Rb1 g6 21. Rb4 O-O 22.
a4 Bg4 23. Qe1 a5 24. Rb1 b6 25. h3 Bd7 26. c3 Bc5 27. Qxe5 Rae8 28. Qf6 Kh7 29. Kf1 Rd8 30. Re1 Rde8 31. Rxe8 Bxe8 32. g4 hxg4 33. hxg4 Bd7 34. f3 Kg8 35. Kg2 Re8 36. Bxg6 fxg6 37. Qxg6+ Kf8 38. Qf6+ Kg8 39. Qg6+ Kf8 40.
Qf6+ Kg8 41. Qg6+ 1/2-1/2

[Event "Late-Titled-Tuesday-Blitz-February-27-2024"]
[Site "Chess.com"]
[Date "2024.02.27"]
[Round "3"]
[White "el008"]
[Black "Felix-Rose"]
[Result "0-1"]
[WhiteElo "2488"]
[BlackElo "2275"]
[TimeControl "180+1"]
[EndTime "14:28:09 PST"]
[Termination "Felix-Rose won by resignation"]

1. e4 e5 2. Nf3 Nc6 3. Nc3 Nf6 4. d3 d5 5. exd5 Nxd5 6. g3 Be6 7. Bg2 f6 8. O-O Qd7 9. a3 O-O-O 10. Bd2 g5 11. b4 h5 12. h4 Nxc3 13. Bxc3 Bg4 14. hxg5 h4 15. gxh4 fxg5 16. b5 Nd4 17. Bxd4 exd4 18.
Ne5 Bxd1 19. Nxd7 Bxc2 20. Nc5 Bxc5 21. Rfc1 Bxd3 22. Rxc5 gxh4 23. Rac1 Rh7 24. Kh2 h3 25. Bxh3+ Kb8 26. Kg3 Rg8+ 27. Bg4 Be2 28. f3 d3 29. Rd5 Rf7 30. Kf2 c6 31. bxc6 bxc6 32. Rd4 Rgf8 33.
Rxc6 Bxf3 34. Bxf3 Rxf3+ 35. Ke1 Re8+ 36. Kd2 Re2+ 37.
Kc3 Rc2+ 38. Kb3 Rxc6 0-1

[Event "Late-Titled-Tuesday-Blitz-February-27-2024"]
[Site "Chess.com"]
[Date "2024.02.27"]
[Round "3"]
[White "PepeCuenca"]
[Black "HansOnTwitch"]
[Result "0-1"]
[WhiteElo "2721"]
[BlackElo "3089"]
[TimeControl "180+1"]
[EndTime "14:28:16 PST"]
[Termination "HansOnTwitch won on time"]

1. d4 Nf6 2. Bf4 d5 3. e3 c5 4.
dxc5 e6 5. b4 a5 6. c3 Nc6 7.
Bb5 Bd7 8. Qb3 Nh5 9. Bd6 Bxd6 10. cxd6 Qb8 11. Nf3 Qxd6 12. Bxc6 Bxc6 13. b5 Bd7 14. a4 O-O 15. O-O Rfc8 16. Nbd2 Nf6 17. c4 b6 18. Rfc1 Rc5 19. cxd5 exd5 20. Qb2 Rac8 21. Nb3 Rc4 22. Nfd2 Ng4 23. Nf3 Qb4 24. h3 Nf6 25. Nfd4 Ne4 26. f3 Nc5 27. Rab1 Nd3 28. Qd2 Qxd2 0-1

[Event "Late-Titled-Tuesday-Blitz-February-27-2024"]
[Site "Chess.com"]
[Date "2024.02.27"]
[Round "3"]
[White "MITerryble"]
[Black "jk13"]
[Result "1-0"]
[WhiteElo "3019"]
[BlackElo "2695"]
[TimeControl "180+1"]
[EndTime "14:28:16 PST"]
[Termination "MITerryble won by resignation"]

1. d4 Nf6 2. Bg5 Ne4 3. Bf4 Nc6 4. d5 e5 5. Be3 Ne7 6. Qd3 Nf6 7. c4 Ng6 8. Nc3 Bb4 9. a3 Bxc3+ 10. Qxc3 d6 11. g3 O-O 12. Bg2 Bd7 13. h3 c6 14. dxc6 Bxc6 15. Nf3 Rc8 16. Qb4 a5 17. Qb6 a4 18.
Rc1 Qe7 19. O-O Nd7 20. Qb4 Nc5 21. Rcd1 Rfd8 22. h4 h6 23. h5 Nf8 24. Nh4 Nfe6 25.
Bd5 Qf6 26. Rd2 Nd4 27. Bxd4 exd4 28. Rfd1 Re8 29. Rf1 Qg6 30. hxg6 1-0

[Event "Late-Titled-Tuesday-Blitz-February-27-2024"]
[Site "Chess.com"]
[Date "2024.02.27"]
[Round "3"]
[White "Mackster23"]
[Black "Zhigalko_Sergei"]
[Result "0-1"]
[WhiteElo "2582"]
[BlackElo "2897"]
[TimeControl "180+1"]
[EndTime "14:28:16 PST"]
[Termination "Zhigalko_Sergei won by resignation"]

1. e4 c5 2. Nf3 Nc6 3. d4 cxd4 4. Nxd4 Nf6 5. Nc3 e5 6. Ndb5 d6 7. Bg5 a6 8. Na3 b5 9. Nab1 Rb8 10. a4 bxa4 11. Nxa4 Be7 12. Bxf6 Bxf6 13. Nbc3 O-O 14. Bc4 Bg5 15. O-O Kh8 16. b3 a5 17. Nb5 Be7 18. Nac3 f5 19. exf5 Bxf5 20. Nd5 Bg5 21. c3 Bg6 22.
Ra2 e4 23. Re1 Ne5 24. Bf1 Rb7 25. c4 Rbf7 26. Nbc3 Bh4 27. Nxe4 Bxe4 28. Rxe4 Bxf2+ 29. Kh1 Bc5 30. Be2 Rf2 31. Ra1 Qg5 32. g3 Qf5 33. Rh4 Ng6 34. Rh5 Qe4+ 35. Bf3 R2xf3 0-1

[Event "Late-Titled-Tuesday-Blitz-February-27-2024"]
[Site "Chess.com"]
[Date "2024.02.27"]
[Round "3"]
[White "C_K_G"]
[Black "patzersame"]
[Result "1-0"]
[WhiteElo "2159"]
[BlackElo "2385"]
[TimeControl "180+1"]
[EndTime "14:28:16 PST"]
[Termination "C_K_G won by checkmate"]

1. e4 e5 2. Nf3 Nf6 3. Nxe5 d6 4. Nf3 Nxe4 5. Qe2 Qe7 6. d3 Nf6 7. Be3 Nc6 8. Nc3 Bg4 9. h3 Bh5 10. g4 Bg6 11. g5 Nh5 12. Bg2 O-O-O 13. Nh4 f6 14. Qg4+ Kb8 15. Bxc6 bxc6 16. Qa4 c5 17. Qb5+ Kc8 18. Nd5 Qd7 19. Qa6+ Kb8 20. b4 c6 21.
bxc5 cxd5 22. Rb1+ Ka8 23. c6 d4 24. Rb7 dxe3 25.
Qxa7# 1-0

[Event "Late-Titled-Tuesday-Blitz-February-27-2024"]
[Site "Chess.com"]
[Date "2024.02.27"]
[Round "3"]
[White "The_Machine04"]
[Black "GotCheeseCheckers"]
[Result "1-0"]
[WhiteElo "2813"]
[BlackElo "2546"]
[TimeControl "180+1"]
[EndTime "14:28:17 PST"]
[Termination "The_Machine04 won by resignation"]

1. d4 Nf6 2. Nf3 b6 3. Nbd2 Bb7 4. e3 e6 5. Bd3 d5 6. Ne5 Nbd7 7. f4 c5 8. c3 Bd6 9. Qf3 Qc7 10. O-O g6 11. a4 h5 12. g3 Rf8 13. Qg2 O-O-O 14. a5 Kb8 15. axb6 axb6 16. Nb1 c4 17. Bc2 Ne4 18. Na3 Bxa3 19. Rxa3 Nxe5 20. fxe5 Bc6 21. Bd2 Kb7 22. Qe2 Ra8 23. Rxa8 Rxa8 24. Bxe4 dxe4 25. Qxc4 Qd7 26.
Qb4 Bb5 27. c4 Bc6 28. Bc3 Ra4 29. Qf8 Qe8 30. Rxf7+ Ka6 31. Qxe8 Bxe8 32. Re7 Bc6 33. Rxe6 Rxc4 34. Rxg6 Bd5 35. Rd6 Bg8 36. d5 Kb7 37. e6 b5 38. Rd7+ Rc7 39. Rd8 Bh7 40. d6 1-0

[Event "Late-Titled-Tuesday-Blitz-February-27-2024"]
[Site "Chess.com"]
[Date "2024.02.27"]
[Round "3"]
[White "kasparicy"]
[Black "Kosak12"]
[Result "0-1"]
[WhiteElo "2497"]
[BlackElo "2797"]
[TimeControl "180+1"]
[EndTime "14:28:17 PST"]
[Termination "Kosak12 won by resignation"]

1. d4 Nf6 2. Bf4 d5 3. e3 c5 4. Nc3 a6 5. Nf3 Nc6 6. Bd3 Bg4 7. dxc5 e5 8. h3 Bxf3 9. Qxf3 exf4 10. exf4 Bxc5 11. O-O O-O 12. Rfe1 Rc8 13. Rad1 Nd4 14. Qg3 Ba7 15. Re5 Bb8 16. Rg5 Ne6 17. Rf5 Kh8 18.
Qh4 Ne4 19. Qxd8 Rcxd8 20. Nxd5 Nd6 21. Rh5 g6 22. Rh4 Kg7 23. f5 Nxf5 24. Bxf5 gxf5 25. c4 b5 26. b3 Be5 27. Re1 Bf6 28. Rh5 Kg6 29.
g4 fxg4 30. hxg4 bxc4 31. bxc4 Bg5 32. Kg2 Rxd5 33. cxd5 Nf4+ 34. Kf3 Nxh5 35. gxh5+ Kxh5 36. Rd1 Kg6 37. Ke4 Re8+ 38. Kd4 h5 39. d6 Rd8 40.
Kd5 Bf4 41. Kc6 Rxd6+ 42. Rxd6+ Bxd6 43. Kxd6 h4 0-1

[Event "Late-Titled-Tuesday-Blitz-February-27-2024"]
[Site "Chess.com"]
[Date "2024.02.27"]
[Round "3"]
[White "Statham_01"]
[Black "s-dshubin"]
[Result "0-1"]
[WhiteElo "2559"]
[BlackElo "2360"]
[TimeControl "180+1"]
[EndTime "14:28:17 PST"]
[Termination "s-dshubin won on time"]

1. e4 e6 2. d4 d5 3. Bd3 Nf6 4. e5 Nfd7 5. Ne2 c5 6. c3 Nc6 7. a3 Qb6 8. b4 cxd4 9. cxd4 a5 10.
b5 Nxd4 11. O-O Nxe5 12. Nbc3 Nxd3 13. Qxd3 Nxe2+ 14. Qxe2 Be7 15. Be3 Qd8 16. f4 O-O 17.
Rad1 Bf6 18. Ne4 Bd7 19. Nxf6+ Qxf6 20. Bd4 Qg6 21. Rf3 f6 22. Rg3 Qf5 23. h3 Rac8 24. Rd2 Rc1+ 25. Kh2 Rfc8 26. Qe3 R8c2 27. Bb2 Rxd2 28. Qxd2 Rc2 29. Qxa5 Be8 30. Qd8 Kf7 31.
Rxg7+ Kxg7 32. Qe7+ Bf7 33. Bxf6+ Qxf6 0-1

[Event "Late-Titled-Tuesday-Blitz-February-27-2024"]
[Site "Chess.com"]
[Date "2024.02.27"]
[Round "3"]
[White "LikeWater"]
[Black "pooh2012"]
[Result "1-0"]
[WhiteElo "2680"]
[BlackElo "2471"]
[TimeControl "180+1"]
[EndTime "14:28:19 PST"]
[Termination "LikeWater won by resignation"]

1. d4 Nf6 2. c4 e6 3. Nc3 Bb4 4. e3 O-O 5. Bd3 d5 6. a3 Bd6 7.
Nge2 b6 8. cxd5 exd5 9. O-O a5 10. f3 c5 11. Nb5 Be7 12. Bd2 Ba6 13. a4 Nc6 14.
Be1 Nb4 15. Nec3 Nxd3 16. Qxd3 Re8 17. Bg3 Rc8 18. Rfe1 Qd7 19. Rad1 Red8 20. Be5 Ne8 21. dxc5 Rxc5 22. Bd4 Rc6 23. e4 dxe4 24. Qxe4 Re6 25. Qg4 Rxe1+ 26. Rxe1 Qxg4 27. fxg4 Bxb5 28. Nxb5 Bc5 29.
Bxc5 bxc5 30. Re5 Kf8 31. b3 Rd3 32. Rxc5 Rxb3 33. Rc8 Ke7 34. Ra8 Rb4 35. Rxa5 Rxg4 36. Ra7+ Ke6 37. Ra8 Nf6 38. a5 Ra4 39. a6 Nd5 40. a7 Ke7 41. Rb8 Nc7 42. Rb7 Kd8 43. Rxc7 1-0

[Event "Late-Titled-Tuesday-Blitz-February-27-2024"]
[Site "Chess.com"]
[Date "2024.02.27"]
[Round "3"]
[White "JaackCamel"]
[Black "OneTrickPony_82"]
[Result "0-1"]
[WhiteElo "2231"]
[BlackElo "2534"]
[TimeControl "180+1"]
[EndTime "14:28:19 PST"]
[Termination "OneTrickPony_82 won by resignation"]

1. d4 Nf6 2. c4 e6 3. Nc3 d5 4. cxd5 exd5 5. Bg5 Be7 6. e3 h6 7. Bh4 O-O 8. Bd3 c6 9. Qc2 Re8 10.
Nge2 Nbd7 11. O-O Nh5 12. Bxe7 Qxe7 13. Ng3 Nxg3 14. hxg3 Qg5 15. Bh7+ Kh8 16. Bf5 Nf6 17. Bxc8 Raxc8 18. Ne2 Qg4 19. Nf4 g5 20. Nh3 Re7 21. Rac1 Ne8 22. b4 Nd6 23. a3 Kg7 24. a4 a6 25. Qd1 Qxd1 26. Rfxd1 Nc4 27. Kf1 Nb2 28. Rd2 Nxa4 29. Ng1 Nb6 30. Nf3 Nc4 31. Rdc2 Rce8 32. Kg1 f6 33. Ne1 Ra8 34. Nd3 a5 35. bxa5 Rxa5 36.
Nc5 b6 37. Nb3 Ra3 38. Nd2 b5 39. Nxc4 dxc4 40. Rb1 Rea7 41. g4 Ra1 42. Rb2 c3 43.
Rb4 c2 0-1